[Event "Thursday 18 January Rapid Engine Tour 12+1 Rounds 9 Starts 1600 ST"]
[Site "Infinity Chess"]
[Date "2018.1.18"]
[Round "3"]
[White "Vimtiroba"]
[Black "CrapCleaner"]
[Result "1-0"]
[ECO "C55"]
[WhiteElo "2495"]
[BlackElo "2448"]
[WhiteEngine "SF@Infinity_CTG"]
[BlackEngine "Raubfisch ME262_GTZ16b3._CTG"]
[EventType "Swiss"]
[WhiteTeam ""]
[BlackTeam ""]
[PlyCount "241"]
[TimeControl "720+1"]

1. e4 e5 2. Nf3 Nc6 3. Bc4 Nf6 4. d3 Bc5 5. c3 d6 6. O-O a5 7. Re1 O-O 
8. Nbd2 Ba7 9. h3 h6 10. Bb5 Ne7 11. d4 Ng6 12. Bd3 Nf4 13. Bc2 Qd7 14. Nf1 Nxg2 
15. Kxg2 Qxh3+ 16. Kg1 Bg4 17. Re3 exd4 18. Nxd4 Qxe3 19. Bxe3 Bxd1 
20. Rxd1 Rae8 21. Nb5 Bxe3 22. Nxe3 Rc8 23. Bd3 Rfe8 24. f3 Re5 25. c4 Kf8 
26. Bf1 Ne8 27. Nc3 Nf6 28. Ncd5 Nxd5 29. cxd5 g6 30. Kf2 Re7 31. Nc4 a4 
32. a3 Ra8 33. Ne3 Ra5 34. Rd4 Kg7 35. Nd1 h5 36. Nc3 Kh6 37. Rb4 c6 38. Rd4 h4 
39. Be2 Rc7 40. dxc6 bxc6 41. Rxd6 Raa7 42. Rd2 Rd7 43. Rc2 Ra5 44. Ke3 Rc5 
45. Bd3 Rb7 46. f4 Rxb2 47. Rxb2 Rxc3 48. Rh2 g5 49. fxg5+ Kxg5 50. Rg2+ Kf6 
51. Rf2+ Ke7 52. Rh2 h3 53. Rxh3 Rxa3 54. Kd4 Ra1 55. Rh7 Rd1 56. Rh5 Ra1 
57. Ra5 f6 58. Kc3 Ra3+ 59. Kc4 Ke6 60. Bc2 Ra1 61. Kc3 a3 62. Kb3 a2 
63. Rxa2 Rf1 64. Ra5 Rg1 65. Kc3 Ke7 66. Rc5 Kd7 67. Kd4 Ra1 68. Rf5 Ke7 
69. Kc5 Rc1 70. Rf2 Kd7 71. Rd2+ Kc7 72. Rg2 Kd7 73. Rf2 Kc7 74. Rg2 Kd7 
75. Rf2 Ke6 76. Kxc6 Rh1 77. Kc5 Rh8 78. Kd4 Rd8+ 79. Ke3 Rb8 80. Bd3 Rb4 
81. Ra2 Ke7 82. Ra6 Kf7 83. Ra7+ Ke6 84. Kf4 Rb2 85. Bc4+ Kd6 86. Ra6+ Kc5 
87. Ke3 Kxc4 88. Rxf6 Kc5 89. Kf4 Rb1 90. e5 Rb4+ 91. Kf5 Rh4 92. Ra6 Rh5+ 
93. Kf4 Kb4 94. e6 Rh2 95. Kf5 Rh6 96. Kg5 Rh7 97. Kg6 Re7 98. Kf6 Rh7 
99. Rd6 Kc5 100. Rd1 Rh6+ 101. Kf7 Rh7+ 102. Ke8 Kc6 103. e7 Kc7 104. Kf8 Rh8+ 
105. Kg7 Ra8 106. Kf7 Rh8 107. e8=Q Rxe8 108. Kxe8 Kc6 109. Ke7 Kc5 110. Ke6 Kc4 
111. Kd6 Kb4 112. Rd4+ Kb3 113. Kc5 Kc3 114. Rd5 Kb3 115. Rd3+ Ka2 116. Kc4 Kb2 
117. Rd2+ Kc1 118. Kc3 Kb1 119. Rd1+ Ka2 120. Rf1 Ka3 121. Ra1# 1-0

[Event "Thursday 18 January Rapid Engine Tour 12+1 Rounds 9 Starts 1600 ST"]
[Site "Infinity Chess"]
[Date "2018.1.18"]
[Round "2"]
[White "tris77"]
[Black "KULLANI"]
[Result "1/2-1/2"]
[ECO "C77"]
[WhiteElo "2334"]
[BlackElo "2455"]
[WhiteEngine "Raubfisch X37b_CTG"]
[BlackEngine "BrainFish_180113_x64_CTG"]
[EventType "Swiss"]
[WhiteTeam ""]
[BlackTeam ""]
[PlyCount "97"]
[TimeControl "720+1"]

1. e4 e5 2. Nf3 Nc6 3. Bb5 a6 4. Ba4 Nf6 5. O-O Be7 6. Re1 b5 7. Bb3 O-O 
8. c3 d5 9. exd5 Nxd5 10. Nxe5 Nxe5 11. Rxe5 c6 12. d4 Bd6 13. Re1 Qh4 
14. g3 Qh3 15. Be3 Be6 16. Qf3 a5 17. a4 Rab8 18. axb5 Rxb5 19. Bc4 Rxb2 
20. Bf1 Qf5 21. Qxf5 Bxf5 22. Na3 Bxa3 23. Rxa3 Ra8 24. Bc1 Rbb8 25. Bd2 a4 
26. Bg2 Bd3 27. Bf1 Bf5 28. Rea1 Rb2 29. Bc1 Rc2 30. c4 Nc3 31. Bf4 h6 32. h4 h5 
33. Be3 Rb8 34. Bg2 Bd7 35. c5 Rb4 36. Kf1 Kf8 37. Ke1 Rb3 38. Kf1 Rcb2 
39. Bc1 Rc2 40. Be3 g6 41. Kg1 Ke7 42. Rxa4 Nxa4 43. Rxa4 Rb1+ 44. Kh2 Rbb2 
45. Ra7 Ke8 46. Ra8+ Ke7 47. Ra7 Ke8 48. Ra8+ Ke7 49. Ra7 1/2-1/2

[Event "Thursday 18 January Rapid Engine Tour 12+1 Rounds 9 Starts 1600 ST"]
[Site "Infinity Chess"]
[Date "2018.1.18"]
[Round "2"]
[White "Satria_Ungu"]
[Black "Harry_Potter"]
[Result "1/2-1/2"]
[ECO "A05"]
[WhiteElo "2374"]
[BlackElo "2481"]
[WhiteEngine "Houdini 6_CTG"]
[BlackEngine "Stockfish_18011309_x64_bmi2_CTG"]
[EventType "Swiss"]
[WhiteTeam ""]
[BlackTeam ""]
[PlyCount "129"]
[TimeControl "720+1"]

1. Nf3 Nf6 2. d4 d5 3. e3 e6 4. c4 Be7 5. b3 O-O 6. Nbd2 c5 7. Bb2 Nbd7 
8. Rc1 b6 9. Bd3 dxc4 10. Bxc4 Bb7 11. O-O a6 12. dxc5 Nxc5 13. a4 Nd5 
14. Bd4 Rc8 15. Qe2 Qd6 16. Rfd1 Rfd8 17. Be5 Qc6 18. Nf1 Nb4 19. Bd4 Qe8 
20. Ng3 Bd5 21. Nd2 Rd7 22. Bxd5 Rxd5 23. Nge4 Qd8 24. Nxc5 Bxc5 25. Nf3 Bxd4 
26. exd4 h6 27. g3 b5 28. axb5 axb5 29. Qe4 Nc6 30. Kg2 Ne7 31. Rxc8 Qxc8 
32. Rd2 Nc6 33. Rc2 Qd7 34. Ne5 Nxe5 35. dxe5 g6 36. Rc3 Rd2 37. Qf3 Rd5 
38. Qe4 h5 39. h4 Kg7 40. Re3 Qd8 41. Rf3 Qc7 42. Re3 Kg8 43. Qf4 Qc1 
44. Qf3 Qd2 45. Qf4 Qc1 46. Kh2 Qc2 47. Kg2 Rd1 48. Qf3 b4 49. Qe4 Qc7 
50. Kh2 Rc1 51. Re1 Rxe1 52. Qxe1 Qc5 53. Qe3 Qxe3 54. fxe3 f6 55. exf6 Kf7 
56. Kg2 Kxf6 57. Kf3 e5 58. e4 Ke7 59. g4 Kd6 60. g5 Kc6 61. Ke2 Kb5 62. Ke3 Kc6 
63. Ke2 Kb5 64. Ke3 Kc6 65. Ke2 1/2-1/2

[Event "Thursday 18 January Rapid Engine Tour 12+1 Rounds 9 Starts 1600 ST"]
[Site "Infinity Chess"]
[Date "2018.1.18"]
[Round "2"]
[White "Thinker"]
[Black "fati64"]
[Result "1/2-1/2 "]
[ECO "C55"]
[WhiteElo "2447"]
[BlackElo "2489"]
[WhiteEngine "BrainFish_180113_x64_modern_CTG"]
[BlackEngine "Raubfisch X37b3."]
[EventType "Swiss"]
[WhiteTeam ""]
[BlackTeam ""]
[PlyCount "138"]
[TimeControl "720+1"]

1. e4 e5 2. Nf3 Nc6 3. Bc4 Nf6 4. d3 Bc5 5. c3 d6 6. O-O a5 7. h3 O-O 8. Nbd2 h6 
9. Re1 Be6 10. b3 Bb6 11. a4 d5 12. Bb5 Ne7 13. exd5 Nfxd5 14. Qc2 c6 
15. Bc4 Ng6 16. d4 Ndf4 17. dxe5 Nh4 18. Bf1 Bd5 19. Re4 Nfg6 20. Bc4 Re8 
21. g3 Nxf3+ 22. Nxf3 Qd7 23. Bxd5 cxd5 24. Rg4 Qc6 25. Nd4 Bxd4 26. Rxd4 Nxe5 
27. Kg2 b5 28. axb5 Qxb5 29. Qd1 Qb7 30. Rxd5 a4 31. f3 axb3 32. Rxa8 Rxa8 
33. Rxe5 b2 34. Bxb2 Qxb2+ 35. Qe2 Qxc3 36. h4 g6 37. h5 gxh5 38. Rxh5 Qa1 
39. Rh1 Qa2 40. Qxa2 Rxa2+ 41. Kh3 Kg7 42. g4 Kg6 43. Kg3 f5 44. gxf5+ Kxf5 
45. Rxh6 Kg5 46. Rh7 Ra1 47. Rc7 Rg1+ 48. Kf2 Ra1 49. Rg7+ Kf4 50. Rf7+ Kg5 
51. Re7 Rb1 52. Re6 Rc1 53. Re8 Ra1 54. Rh8 Rb1 55. Rh3 Rb2+ 56. Kg3 Rb1 
57. Rh7 Ra1 58. Rc7 Rg1+ 59. Kf2 Ra1 60. Rg7+ Kf4 61. Rg4+ Kf5 62. Kg3 Rg1+ 
63. Kh3 Ra1 64. Kg3 Rb1 65. Rf4+ Ke5 66. Ra4 Rg1+ 67. Kf2 Rb1 68. Rc4 Kf5 
69. Rc5+ Kf4 1/2-1/2

[Event "Thursday 18 January Rapid Engine Tour 12+1 Rounds 9 Starts 1600 ST"]
[Site "Infinity Chess"]
[Date "2018.1.18"]
[Round "2"]
[White "IronMan"]
[Black "BraveDevil"]
[Result "1-0"]
[ECO "A15"]
[WhiteElo "2394"]
[BlackElo "2382"]
[WhiteEngine "Eman 1.58 64-bit BMI2"]
[BlackEngine "Cryptic AIL V1"]
[EventType "Swiss"]
[WhiteTeam ""]
[BlackTeam ""]
[PlyCount "261"]
[TimeControl "720+1"]

1. c4 Nf6 2. d4 e6 3. Nf3 d5 4. Nc3 Bb4 5. Bg5 O-O 6. e3 h6 7. Bxf6 Qxf6 
8. Rc1 dxc4 9. Bxc4 c5 10. O-O cxd4 11. Ne4 Qf5 12. Ng3 Qa5 13. exd4 Nd7 
14. Qe2 Nf6 15. Ne5 Bd6 16. Rfd1 Rb8 17. Rc3 Rd8 18. Rf3 Bd7 19. Nf5 Bxe5 
20. dxe5 Ba4 21. Rf1 exf5 22. exf6 Re8 23. Qd3 Rbd8 24. Rxf5 Qc7 25. Rd5 Rxd5 
26. Bxd5 Bc2 27. Qf3 Qe5 28. Bxf7+ Kxf7 29. Qxb7+ Kxf6 30. Qc6+ Qe6 
31. Qxc2 Qxa2 32. Rd1 Qa5 33. g3 Re1+ 34. Rxe1 Qxe1+ 35. Kg2 Qb4 36. Qc6+ Ke7 
37. Qc7+ Kf6 38. Qf4+ Qxf4 39. gxf4 Kf5 40. Kg3 Ke4 41. Kg4 a5 42. f5 a4 
43. h4 Kd3 44. Kh5 Kc2 45. Kg6 Kxb2 46. Kxg7 a3 47. f6 a2 48. f7 a1=Q 
49. f8=Q Qc1 50. Kg6 Qd2 51. f4 Qg2+ 52. Kxh6 Qc6+ 53. Kh7 Qe4+ 54. Kg8 Kc1 
55. Kg7 Qg2+ 56. Kh6 Qc6+ 57. Kg5 Qg2+ 58. Kh6 Qc6+ 59. Kh7 Qd7+ 60. Qg7 Qh3 
61. Qc7+ Kd1 62. h5 Qxh5+ 63. Kg7 Qg4+ 64. Kf8 Qe6 65. Qf7 Qc8+ 66. Kg7 Qg4+ 
67. Kh6 Kd2 68. f5 Qh4+ 69. Qh5 Qf6+ 70. Qg6 Qh4+ 71. Qh5 Qf6+ 72. Qg6 Qh4+ 
73. Kg7 Qe7+ 74. Kg8 Qd8+ 75. Kh7 Qe7+ 76. Qg7 Qe4 77. Qd7+ Kc1 78. Kg7 Qg2+ 
79. Kf7 Qa2+ 80. Qe6 Qa7+ 81. Kg6 Qg1+ 82. Kh7 Qd1 83. f6 Qd3+ 84. Kh6 Qd2+ 
85. Kh5 Qh2+ 86. Kg5 Qd2+ 87. Kg6 Qg2+ 88. Kh6 Qh2+ 89. Kg7 Qg1+ 90. Kh7 Qh2+ 
91. Kg7 Qg1+ 92. Kf8 Qc5+ 93. Ke8 Qb5+ 94. Ke7 Qc5+ 95. Qd6 Qa7+ 96. Kd8 Kb1 
97. Kc8 Qf2 98. Qb8+ Ka2 99. Qa8+ Kb2 100. Qb7+ Ka1 101. f7 Qc5+ 102. Qc7 Qf5+ 
103. Kb8 Qb5+ 104. Qb7 Qe5+ 105. Ka8 Qh8+ 106. Qb8 Qh1+ 107. Ka7 Qg1+ 
108. Qb6 Qg7 109. Qa5+ Kb1 110. Qe1+ Ka2 111. Qe7 Qg1+ 112. Kb8 Qh2+ 
113. Kc8 Qh3+ 114. Kd8 Qd3+ 115. Qd7 Qa3 116. Qd2+ Kb1 117. Qe1+ Kc2 
118. Qf2+ Kd1 119. f8=Q Qa5+ 120. Kc8 Qa6+ 121. Kc7 Qa5+ 122. Qb6 Qe5+ 
123. Qfd6+ Qxd6+ 124. Kxd6 Ke2 125. Ke5 Kd3 126. Qc6 Ke2 127. Qe4+ Kf2 
128. Kf4 Kg1 129. Kf3 Kh1 130. Kg3+ Kg1 131. Qb1# 1-0

[Event "Thursday 18 January Rapid Engine Tour 12+1 Rounds 9 Starts 1600 ST"]
[Site "Infinity Chess"]
[Date "2018.1.18"]
[Round "2"]
[White "ocirema"]
[Black "star99"]
[Result "1/2-1/2"]
[ECO "A50"]
[WhiteElo "2424"]
[BlackElo "2410"]
[WhiteEngine "stockfish_18011309_x64_modern_CTG"]
[BlackEngine "Cryptic AIL V1"]
[EventType "Swiss"]
[WhiteTeam ""]
[BlackTeam ""]
[PlyCount "90"]
[TimeControl "720+1"]

1. d4 Nf6 2. c4 c6 3. Nf3 d5 4. Nc3 e6 5. Bg5 h6 6. Bxf6 Qxf6 7. e3 Qd8 
8. Qc2 Be7 9. Bd3 O-O 10. O-O b6 11. cxd5 cxd5 12. e4 Bb7 13. exd5 exd5 
14. Qb3 Bf6 15. Rad1 Nc6 16. Bb1 g6 17. Qxd5 Qxd5 18. Nxd5 Bg7 19. Nc3 Rfe8 
20. Be4 Rad8 21. Rfe1 Re7 22. Bxc6 Rxe1+ 23. Nxe1 Bxc6 24. Nc2 g5 25. f3 f5 
26. Kf2 Bb7 27. g3 g4 28. fxg4 fxg4 29. Ne2 h5 30. Nf4 Be4 31. Rd2 Bh6 
32. Ne1 Bxf4 33. gxf4 h4 34. Re2 Bb1 35. Ng2 Rxd4 36. Nxh4 Rxf4+ 37. Kg3 Rd4 
38. a3 Kf7 39. Rf2+ Ke6 40. Ng2 Ke5 41. Nf4 Bf5 42. Nh5 Bg6 43. Nf4 Bf5 
44. Nh5 Bg6 45. Nf4 Bf5 1/2-1/2

[Event "Thursday 18 January Rapid Engine Tour 12+1 Rounds 9 Starts 1600 ST"]
[Site "Infinity Chess"]
[Date "2018.1.18"]
[Round "2"]
[White "CrapCleaner"]
[Black "Dovahkiin"]
[Result "1-0"]
[ECO "B90"]
[WhiteElo "2432"]
[BlackElo "2437"]
[WhiteEngine "Raubfisch ME262_GTZ16b3._CTG"]
[BlackEngine "BrainFish_180113_x64_modern_CTG"]
[EventType "Swiss"]
[WhiteTeam ""]
[BlackTeam ""]
[PlyCount "165"]
[TimeControl "720+1"]

1. e4 c5 2. Nf3 d6 3. d4 cxd4 4. Nxd4 Nf6 5. Nc3 a6 6. Be3 e5 7. Nb3 Be6 
8. f3 h5 9. Qd2 Nbd7 10. Nd5 Bxd5 11. exd5 g6 12. Be2 Bg7 13. Na5 Rb8 14. O-O e4 
15. f4 Ng4 16. Bxg4 hxg4 17. Rab1 Rh5 18. b4 Kf8 19. c4 Kg8 20. Rfe1 Kh7 
21. g3 Qc7 22. Rbc1 Re8 23. Qf2 Kg8 24. a3 Rc8 25. Qe2 Re8 26. Red1 Nf6 
27. Qa2 Qd7 28. Rc2 Rc8 29. Rcd2 b5 30. c5 Bf8 31. c6 Qe8 32. a4 Rb8 
33. Nb3 bxa4 34. Qxa4 Qc8 35. Na1 Ne8 36. Nc2 Bg7 37. Qb3 Kh7 38. Na3 Kg8 
39. Ba7 Ra8 40. Bb6 Bf6 41. Nc4 Bd8 42. Qe3 Rb8 43. Qd4 f5 44. Ra2 Rh7 
45. Ra3 Rg7 46. Rb1 Re7 47. Rba1 Bxb6 48. Nxb6 Qd8 49. Rxa6 e3 50. Nd7 Re4 
51. Qc3 e2 52. Nxb8 Qxb8 53. Kg2 Nc7 54. R6a5 Rxb4 55. R5a2 Re4 56. Re1 Nxd5 
57. Qd3 Ne7 58. Rexe2 Qc8 59. Rxe4 fxe4 60. Qxd6 e3 61. Rc2 Qf5 62. Qc5 Qe4+ 
63. Kf1 Qf3+ 64. Ke1 Qh1+ 65. Ke2 Qf3+ 66. Kd3 Kf7 67. Qc4+ Kg7 68. c7 e2+ 
69. Kd2 Qh1 70. Qxe2 Nc8 71. Rc5 Qb1 72. Qe5+ Kh7 73. Rd5 Qb4+ 74. Qc3 Qxc3+ 
75. Kxc3 Kh6 76. Rd7 Na7 77. Kd4 Nc8 78. Kc5 Na7 79. c8=Q Nxc8 80. Rb7 Nb6 
81. Kxb6 g5 82. f5 Kh5 83. Rh7# 1-0

[Event "Thursday 18 January Rapid Engine Tour 12+1 Rounds 9 Starts 1600 ST"]
[Site "Infinity Chess"]
[Date "2018.1.18"]
[Round "2"]
[White "RonWeasley"]
[Black "neófito"]
[Result "1/2-1/2"]
[ECO "C55"]
[WhiteElo "2455"]
[BlackElo "2455"]
[WhiteEngine "BrainFish 130117_CTG"]
[BlackEngine "BrainFish_180113_x64_bmi2"]
[EventType "Swiss"]
[WhiteTeam ""]
[BlackTeam ""]
[PlyCount "67"]
[TimeControl "720+1"]

1. e4 e5 2. Nf3 Nc6 3. Bc4 Nf6 4. d3 Bc5 5. c3 a5 6. Bg5 h6 7. Bh4 g5 8. Bg3 d6 
9. O-O O-O 10. a4 Kg7 11. Na3 Ne7 12. d4 exd4 13. e5 dxe5 14. Bxe5 Nc6 
15. cxd4 Nxe5 16. dxe5 Nh5 17. g3 Bh3 18. Re1 Qe7 19. Nd4 Rad8 20. Qxh5 Rxd4 
21. Qxh3 Bxa3 22. Rxa3 Rxc4 23. e6 Qf6 24. Rae3 fxe6 25. Rxe6 Qxf2+ 26. Kh1 Qf3+ 
27. Kg1 Qf2+ 28. Kh1 Rf6 29. Re7+ Kg6 30. Qc8 Qf3+ 31. Kg1 Qf2+ 32. Kh1 Qf3+ 
33. Kg1 Qf2+ 34. Kh1 1/2-1/2

[Event "Thursday 18 January Rapid Engine Tour 12+1 Rounds 9 Starts 1600 ST"]
[Site "Infinity Chess"]
[Date "2018.1.18"]
[Round "2"]
[White "Wolle"]
[Black "KhalidOmar"]
[Result "1/2-1/2"]
[ECO "C11"]
[WhiteElo "2460"]
[BlackElo "2454"]
[WhiteEngine "Raubfisch X37a2_CTG"]
[BlackEngine "Eman SL 1.63 64-bit BMI2"]
[EventType "Swiss"]
[WhiteTeam ""]
[BlackTeam ""]
[PlyCount "115"]
[TimeControl "720+1"]

1. e4 e6 2. d4 d5 3. Nc3 Nf6 4. e5 Nfd7 5. f4 c5 6. Nf3 Nc6 7. Be3 Qb6 
8. Na4 Qa5+ 9. c3 c4 10. b4 Qc7 11. a3 Ne7 12. Bf2 b6 13. Qc2 Bb7 14. Be2 g6 
15. Nb2 a5 16. b5 a4 17. Nd1 Ra5 18. Qb1 Bh6 19. Ng5 Nb8 20. h4 Qd7 21. Ne3 Rxb5 
22. Qc2 Nf5 23. h5 Bxg5 24. fxg5 Kd8 25. Ng4 Qe7 26. Nf6 Rb3 27. hxg6 fxg6 
28. Qc1 Kc8 29. Kf1 Nd7 30. Ng4 Nb8 31. Bd1 Qg7 32. Rh3 Nc6 33. Bc2 Kb8 
34. Kg1 Ka7 35. Ra2 Qc7 36. Kh2 Ka8 37. Be1 Nfxd4 38. cxd4 Rxh3+ 39. Kxh3 Nxd4 
40. Bxa4 Nf5 41. Bb5 Qc5 42. a4 c3 43. Bg3 h6 44. gxh6 g5 45. Qxg5 c2 46. Bf4 d4 
47. Kh2 Qc3 48. Qf6 Rc8 49. h7 c1=Q 50. Bxc1 Qg3+ 51. Kg1 Rxc1+ 52. Bf1 Rxf1+ 
53. Kxf1 Ba6+ 54. Kg1 Qe1+ 55. Kh2 Qg3+ 56. Kg1 Qe1+ 57. Kh2 Qg3+ 58. Kg1 
1/2-1/2

[Event "Thursday 18 January Rapid Engine Tour 12+1 Rounds 9 Starts 1600 ST"]
[Site "Infinity Chess"]
[Date "2018.1.18"]
[Round "2"]
[White "Neoxium"]
[Black "Eman"]
[Result "1/2-1/2"]
[ECO "D02"]
[WhiteElo "2464"]
[BlackElo "2466"]
[WhiteEngine "SF SL FA-IDeA"]
[BlackEngine "Eman SL 1.63 64-bit POPCNT"]
[EventType "Swiss"]
[WhiteTeam ""]
[BlackTeam ""]
[PlyCount "113"]
[TimeControl "720+1"]

1. d4 d5 2. Nf3 e6 3. c4 Nf6 4. Nc3 c6 5. e3 Nbd7 6. h3 Be7 7. Qc2 b6 8. Bd3 Bb7 
9. b3 dxc4 10. bxc4 c5 11. Qe2 Qc7 12. Nb5 Qb8 13. O-O O-O 14. Bb2 Re8 
15. Nc3 Qc7 16. Nb5 Qc8 17. Nc3 Qc7 18. Rad1 a6 19. Ne5 cxd4 20. exd4 Nxe5 
21. dxe5 Nd7 22. Bxh7+ Kxh7 23. Qd3+ Kg8 24. Qxd7 Qc6 25. Qxc6 Bxc6 26. Rd4 b5 
27. cxb5 axb5 28. a3 Bxa3 29. Bxa3 Rxa3 30. Rc1 Rea8 31. Kh2 Rb3 32. Rc2 Rb8 
33. Na2 Ra3 34. Nb4 Be8 35. h4 Raa8 36. g4 Rc8 37. Rxc8 Rxc8 38. Kg3 Kf8 
39. f3 g6 40. Kf2 Rc3 41. Rd8 Ke7 42. Rd6 Rc4 43. Nd3 Bc6 44. Ke3 Bd5 
45. Nf4 Rc3+ 46. Kd4 Rxf3 47. Nxd5+ exd5 48. Rb6 Rg3 49. g5 b4 50. Kxd5 Kf8 
51. Rxb4 Rd3+ 52. Kc4 Rh3 53. Rb6 Rxh4+ 54. Kd5 Rg4 55. e6 Rxg5+ 56. Kd6 fxe6 
57. Rb7 1/2-1/2

[Event "Thursday 18 January Rapid Engine Tour 12+1 Rounds 9 Starts 1600 ST"]
[Site "Infinity Chess"]
[Date "2018.1.18"]
[Round "2"]
[White "angriff"]
[Black "hafaba"]
[Result "1/2-1/2"]
[ECO "B00"]
[WhiteElo "2469"]
[BlackElo "2476"]
[WhiteEngine "Raubfisch ME262_GTZ16b2_CTG"]
[BlackEngine "Stockfish SL 07012018 POPCNT_CTG"]
[EventType "Swiss"]
[WhiteTeam ""]
[BlackTeam ""]
[PlyCount "115"]
[TimeControl "720+1"]

1. e4 Nc6 2. d4 d5 3. e5 Bf5 4. Bb5 e6 5. c3 a6 6. Bxc6+ bxc6 7. Be3 Ne7 
8. Ne2 Bg6 9. O-O Nf5 10. Nd2 Qb8 11. b4 a5 12. a3 Nxe3 13. fxe3 axb4 
14. axb4 Bd3 15. Rf2 Rxa1 16. Qxa1 Be7 17. Nf4 Bb5 18. Nf3 Bc4 19. Rc2 O-O 
20. Nd2 Qb5 21. Nxc4 Qxc4 22. Qa2 Qb5 23. Rc1 g5 24. Nh5 Qd3 25. Qf2 f6 
26. Nxf6+ Bxf6 27. exf6 Rxf6 28. Qg3 h6 29. h3 Qd2 30. Ra1 Qxc3 31. Ra7 Rf7 
32. Qe5 Qxb4 33. Ra8+ Rf8 34. Rxf8+ Qxf8 35. Qxe6+ Kg7 36. Qxc6 Qe7 37. Kh2 Qf7 
38. Qc5 Qd7 39. Kg1 c6 40. e4 dxe4 41. Qe5+ Kg6 42. Qxe4+ Kf6 43. Kf2 Kg7 
44. Qe5+ Kf7 45. g3 Kg6 46. g4 Kf7 47. Ke3 Qe6 48. Qxe6+ Kxe6 49. Ke4 Kd6 
50. Ke3 Kd5 51. Kd3 Ke6 52. Ke2 Kd5 53. Ke3 Kd6 54. Kf3 Ke6 55. Ke4 Kd6 
56. Ke3 Kc7 57. Kf2 Kd6 58. Ke3 1/2-1/2

[Event "Thursday 18 January Rapid Engine Tour 12+1 Rounds 9 Starts 1600 ST"]
[Site "Infinity Chess"]
[Date "2018.1.18"]
[Round "2"]
[White "Katzenmaier"]
[Black "MGR"]
[Result "1/2-1/2"]
[ECO "B51"]
[WhiteElo "2485"]
[BlackElo "2478"]
[WhiteEngine "S_XPrO.251117.x64.POPCNT_CTG"]
[BlackEngine "asmFishW_2017-11-19_bmi2"]
[EventType "Swiss"]
[WhiteTeam ""]
[BlackTeam ""]
[PlyCount "140"]
[TimeControl "720+1"]

1. e4 c5 2. Nf3 d6 3. Bb5+ Nd7 4. O-O a6 5. Be2 Ngf6 6. d3 e6 7. a4 b6 8. h3 Be7 
9. Na3 Bb7 10. Bf4 O-O 11. Bg3 Qc7 12. c3 Rfc8 13. Nd2 Bc6 14. Nac4 b5 
15. Ne3 g6 16. b3 h5 17. Qc2 Bf8 18. Rab1 Bh6 19. Rb2 Bb7 20. Rc1 Qb6 
21. Rcb1 d5 22. c4 Bc6 23. e5 Nh7 24. Qd1 Qd8 25. axb5 axb5 26. cxb5 Bxb5 
27. b4 Ra3 28. Ra1 Rxa1 29. Qxa1 Bg7 30. Rb1 Ra8 31. Qb2 Rb8 32. Qa1 Ra8 
33. Qb2 Rb8 34. Qa1 Bf8 35. bxc5 Nxc5 36. Qd4 Ba4 37. Rxb8 Qxb8 38. f4 Bb5 
39. Nf3 Ba6 40. Bf2 Qb3 41. Ne1 Be7 42. N3c2 Nf8 43. Qe3 Nfd7 44. Nd4 Qc3 
45. Bf1 Nb3 46. Nxb3 Qxb3 47. Qa7 Qb5 48. Qc7 Kf8 49. Nf3 Nb8 50. Nd4 Qb7 
51. Qc1 Qc8 52. Qxc8+ Bxc8 53. g3 Ke8 54. Kg2 Na6 55. Nc6 Ba3 56. Bb6 Bd7 
57. Nd4 Ba4 58. Be2 Bb2 59. Kf2 Kd7 60. Nf3 Nb4 61. d4 Na2 62. Bc5 Nc1 
63. Ba6 Nb3 64. Ba7 Bc3 65. Ke3 Kc7 66. Ng5 Be8 67. Nf3 Bd7 68. Be2 Kb7 
69. Bd1 Kxa7 70. Bxb3 Kb6 1/2-1/2

[Event "Thursday 18 January Rapid Engine Tour 12+1 Rounds 9 Starts 1600 ST"]
[Site "Infinity Chess"]
[Date "2018.1.18"]
[Round "2"]
[White "xeonrocks"]
[Black "NINJA_JENGKA"]
[Result "1/2-1/2"]
[ECO "C58"]
[WhiteElo "2520"]
[BlackElo "2435"]
[WhiteEngine "asmFishW_CTG"]
[BlackEngine "Houdini 6"]
[EventType "Swiss"]
[WhiteTeam ""]
[BlackTeam ""]
[PlyCount "129"]
[TimeControl "720+1"]

1. e4 e5 2. Nf3 Nc6 3. Bc4 Nf6 4. Ng5 d5 5. exd5 Na5 6. Bb5+ c6 7. dxc6 bxc6 
8. Bd3 Nd5 9. h4 Qc7 10. Nc3 h6 11. Nf3 Bd6 12. Ne4 O-O 13. Nxd6 Qxd6 
14. O-O Bg4 15. Be2 c5 16. d3 Nc6 17. Nh2 Bxe2 18. Qxe2 f5 19. Re1 Rae8 
20. c3 e4 21. Rd1 Kh7 22. Qf1 e3 23. Bxe3 Nxe3 24. fxe3 Rxe3 25. Re1 Rxd3 
26. Nf3 Rd5 27. Rad1 Rxd1 28. Rxd1 Qe6 29. Qa6 Re8 30. Kf1 Re7 31. Rd2 Kg6 
32. Qb5 Ne5 33. Qxc5 Nc4 34. Rf2 Ne3+ 35. Kg1 Kh7 36. Nd2 Rd7 37. Nf1 Rd1 
38. Rf3 Nxf1 39. Rxf1 Rxf1+ 40. Kxf1 Qe4 41. b4 Qb1+ 42. Kf2 Qxa2+ 43. Kf3 Qc2 
44. Qd4 Qb1 45. g3 Kg6 46. Ke2 a5 47. Qd6+ Kh7 48. bxa5 Qb5+ 49. Ke3 Qxa5 
50. Qd4 Qa1 51. Kf4 Qf1+ 52. Ke5 Qf3 53. c4 Qxg3+ 54. Kxf5 Qf3+ 55. Ke6 Qc6+ 
56. Kf5 g6+ 57. Ke5 g5 58. c5 gxh4 59. Qe4+ Qg6 60. c6 h3 61. c7 h2 
62. Qxg6+ Kxg6 63. c8=Q h1=Q 64. Qc2+ Kg7 65. Qc7+ 1/2-1/2

[Event "Thursday 18 January Rapid Engine Tour 12+1 Rounds 9 Starts 1600 ST"]
[Site "Infinity Chess"]
[Date "2018.1.18"]
[Round "2"]
[White "Marsell"]
[Black "Vimtiroba"]
[Result "1/2-1/2"]
[ECO "C53"]
[WhiteElo "2486"]
[BlackElo "2495"]
[WhiteEngine "asmFishW_2018-01-11_popcnt"]
[BlackEngine "SF@Infinity_CTG"]
[EventType "Swiss"]
[WhiteTeam ""]
[BlackTeam ""]
[PlyCount "93"]
[TimeControl "720+1"]

1. e4 e5 2. Nf3 Nc6 3. Bc4 Bc5 4. c3 Nf6 5. d3 d6 6. O-O a5 7. Bg5 Ba7 
8. Nbd2 O-O 9. Bh4 h6 10. Re1 g5 11. Bg3 Nh7 12. h3 g4 13. hxg4 Bxg4 14. Bd5 Ng5 
15. Qc2 Qf6 16. Nh4 Ne7 17. d4 exd4 18. e5 dxe5 19. Bxe5 Nh3+ 20. gxh3 Qxh4 
21. hxg4 Nxd5 22. Qf5 Ne7 23. Qf3 f5 24. gxf5 Rxf5 25. Bg3 Rxf3 26. Bxh4 Rf4 
27. Bxe7 dxc3 28. Ne4 cxb2 29. Rab1 Re8 30. Rxb2 Kf7 31. Rxb7 Rxe7 
32. Rxa7 Rexe4 33. Rxe4 Rxe4 34. Rxa5 c6 35. Kf1 Rb4 36. Rc5 Rb1+ 37. Kg2 Rb2 
38. a3 Kg6 39. Rxc6+ Kg5 40. Kg3 Rb3+ 41. f3 h5 42. Rc5+ Kf6 43. a4 h4+ 
44. Kxh4 Rxf3 45. a5 Kg6 46. a6 Ra3 47. Rc6+ 1/2-1/2

[Event "Thursday 18 January Rapid Engine Tour 12+1 Rounds 9 Starts 1600 ST"]
[Site "Infinity Chess"]
[Date "2018.1.18"]
[Round "1"]
[White "KhalidOmar"]
[Black "tris77"]
[Result "1/2-1/2"]
[ECO "B90"]
[WhiteElo "2459"]
[BlackElo "2329"]
[WhiteEngine "Eman SL 1.63 64-bit BMI2"]
[BlackEngine "Raubfisch X37b_CTG"]
[EventType "Swiss"]
[WhiteTeam ""]
[BlackTeam ""]
[PlyCount "187"]
[TimeControl "720+1"]

1. e4 c5 2. Nf3 d6 3. d4 cxd4 4. Nxd4 Nf6 5. Nc3 a6 6. Be3 e5 7. Nf3 Be7 
8. Bc4 O-O 9. O-O Be6 10. Bxe6 fxe6 11. Na4 Ng4 12. Qd3 b5 13. Nb6 Ra7 
14. Nd5 Nxe3 15. Qxe3 Rb7 16. Nxe7+ Qxe7 17. Rad1 Nd7 18. Ne1 Nf6 19. c3 Qc7 
20. Nd3 a5 21. f3 Rb6 22. g3 Rc6 23. Rfe1 h6 24. Kg2 Qe7 25. Ra1 Qb7 26. Qe2 Nd7 
27. Rac1 Qc7 28. Qd2 Nb6 29. Qe2 Nd7 30. Rcd1 Qb7 31. Rd2 Nb6 32. Rdd1 Nd7 
33. Qe3 Qc7 34. Qe2 Nf6 35. Nf2 Rb8 36. Nd3 Rc4 37. a3 Rc6 38. h3 Rf8 
39. Nf2 Qb6 40. Nd3 Qc7 41. Nf2 Qb6 42. Nd3 Rfc8 43. Qd2 Rf8 44. h4 Nd7 
45. Rf1 Rc7 46. Nf2 Rc6 47. Nd3 Qb7 48. Kh2 Rcc8 49. Nf2 Rc6 50. Nd3 Qc7 
51. Qe2 Rc4 52. Rfe1 Nf6 53. Nf2 Rb8 54. Nd3 Kh7 55. Kg2 Kg8 56. Qe3 Rf8 
57. Nf2 Rc6 58. Qe2 Qb6 59. Nd3 Rfc8 60. Kh3 Rf8 61. Rf1 Rc4 62. Kh2 Kh7 
63. Kh1 Nd7 64. Kg2 Nf6 65. Qf2 Qb7 66. Qe2 Qb6 67. Qd2 Qc7 68. Rfe1 Kg8 
69. Qe3 Rf7 70. Qd2 Nd7 71. Qe2 Qb6 72. Qe3 Qc7 73. Qe2 Rf8 74. Nf2 Nb6 
75. Nd3 Nd7 76. Qe3 Nf6 77. Rf1 Rb8 78. Rfe1 Kh7 79. Rd2 Rc6 80. Rf2 Rf8 
81. Rff1 Rc4 82. Rd1 Kg8 83. Rfe1 Nd7 84. Qd2 Qb6 85. Qe3 Qc7 86. Qe2 Qb7 
87. Kh3 Nf6 88. Kg2 Nd7 89. Rf1 Kh7 90. Kh3 Qc6 91. Nf2 Nf6 92. Kh2 Qc7 
93. Kg2 Kg8 94. Rd3 1/2-1/2